 Dungeon Crawl Stone Soup version 0.30.0-13-g156ef70053 (webtiles) character file.

Game seed: 9581920547483095189

70 SnakkuSnakku7 the Firebug (level 4, 30/30 HPs)
             Began as a Demonspawn Fire Elementalist on May 17, 2023.
             Got out of the dungeon alive.
             The game lasted 00:03:01 (1007 turns).

SnakkuSnakku7 the Firebug (DsFE)                    Turns: 1007, Time: 00:03:01

Health: 30/30      AC:  2    Str:  8    XL:     4   Next: 3%
Magic:  6/7        EV: 12    Int: 18    God:
Gold:   39         SH:  4    Dex: 14    Spells: 4/7 levels left

rFire   . . .        c - staff of conjuration
rCold   . . .        (no shield)
rNeg    . . .        a - +0 robe
rPois   .            (no helmet)
rElec   .            (no cloak)
rCorr   .            (no gloves)
SInv    .            (no boots)
Will    .....        (no amulet)
Stlth   ++           (no ring)
HPRegen 0.25/turn    (no ring)
MPRegen 0.10/turn

%: no passive effects
@: no status effects
A: hooves 1, condensation shield, demonic magic 1
a: no special abilities


You escaped.
You visited 1 branch of the dungeon, and saw 2 of its levels.

You collected 39 gold pieces.

Inventory:

Armour
 a - a +0 robe (worn)
Magical Staves
 c - a staff of conjuration (weapon)
Scrolls
 g - 2 scrolls of identify {unknown}
 i - 2 scrolls of brand weapon {unknown}
 j - a scroll of poison {unknown}
 k - 2 scrolls of acquirement {unknown}
Potions
 b - a potion of magic
 d - a potion of degeneration {unknown}
 e - a potion of mutation {unknown}
 f - 2 potions of curing {unknown}
 h - 2 potions of flight {unknown}


   Skills:
 - Level 1.7 Dodging
 - Level 1.7 Stealth
 - Level 2.0 Spellcasting
 + Level 2.8 Conjurations
 + Level 3.7 Fire Magic


You had 4 spell levels left.
You knew the following spells:

 Your Spells              Type           Power      Damage    Failure   Level
a - Foxfire               Conj/Fire      80%        2x1d8     4%          1
b - Scorch                Fire           30%        2d6       6%          2

Your spell library contained the following spells:

 Spells                   Type           Power      Damage    Failure   Level
 Summon Small Mammal      Summ           4%         N/A       19%         1
 Blink                    Tloc           2%         N/A       26%         2
 Inner Flame              Hex/Fire       8%         N/A       26%         3
 Volatile Blastmotes      Fire/Tloc      16%        2d11      26%         3
 Flame Wave               Conj/Fire      20%        2d7       43%         4
 Ozocubu's Armour         Ice            1%         N/A       47%         3
 Manifold Assault         Tloc           1%         N/A       87%         4
 Summon Ice Beast         Ice/Summ       1%         N/A       87%         4
 Metabolic Englaciation   Hex/Ice        0%         N/A       99%         5
 Summon Mana Viper        Hex/Summ       1%         N/A       99%         5
 Simulacrum               Ice/Necr       0%         N/A       100%        6
 Monstrous Menagerie      Summ           0%         N/A       100%        7
 Storm Form               Tmut/Air       0%         N/A       100%        7


Dungeon Overview and Level Annotations

Branches:
Dungeon (2/15)

Altars:

Shops:
D:1 [   D:2 =


Innate Abilities, Weirdness & Mutations

You have large cloven feet.
A meltable shield of frost defends you. (SH +4)
Spells you cast may paralyse adjacent enemies.


Message History

A frilled lizard is nearby!
You feel a surge of power!
You conjure some foxfire!
The frilled lizard hisses angrily.
The frilled lizard unfolds its giant frill.
Your foxfire dissipates!
The foxfire hits the frilled lizard!
You kill the frilled lizard!
A worm is nearby!
A worm is nearby!
You feel a surge of power!
You conjure some foxfire!
You feel a surge of power!
You conjure some foxfire!
The foxfire hits the worm.
The worm is lightly wounded.
The foxfire hits the worm.
The worm is moderately wounded.
The foxfire hits the worm.
The worm is heavily wounded.
The foxfire hits the worm.
The worm is severely wounded.
You feel a surge of power!
You conjure some foxfire!
The foxfire hits the worm.
The worm is almost dead.
You feel a surge of power!
You conjure some foxfire!
The foxfire hits the worm.
You kill the worm!
You have reached level 4!
You feel agile.
Your demonic ancestry asserts itself...
A menacing aura infuses your magic.
Unknown command.
Your foxfire dissipates!
Your foxfire dissipates!
You see here a +0 whip.
There is a stone staircase leading up here.
You climb upwards.
There is a stone staircase leading down here.
(D) Dungeon
Where to? (Enter - D:2 @ (x,y), ? - help)
Okay, then.
There is an open door here.
There is a staircase leading out of the dungeon here.
Are you sure you want to leave the Dungeon?
This will make you lose the game!
You have escaped!

#............###+###..........###
.........##..#8...8#..##......###
).......####.##.#.##.####...)....
#....(...##..#8.#.8#..##)........
#####........##.#.##...........).
# #.########8)..8########...... #
#.#8#8#8#8#...#8#8#8#8#....#. #
###.#...................#(#.### #
#...'.#####...@...#####.'..)... #
#.#.#[..................#...... #
#.#.#8#8#8#8#...#8#8#8#8#...>).
###.#.########8...8########......
....#........##.#.##.........##.#
.......).##..#8.#.8#..##.....#..#
..###...####.##.#.##.####...##...
........)##..#8...8#..##....#####
#####........###'###........#


There were no monsters in sight!

Vanquished Creatures
  A gnoll (D:1)
  An adder (D:2)
  A worm (D:2)
  A dart slug (D:1)
  3 bats (D:1)
  4 endoplasms
  A giant cockroach (D:1)
  4 goblins (D:1)
  2 hobgoblins (D:1)
  4 jackals (D:2)
  8 kobolds
  3 quokkas
  3 frilled lizards
  8 rats
44 creatures vanquished.

Vanquished Creatures (others)
  84 foxfires
84 creatures vanquished.

Grand Total: 128 creatures vanquished

Notes
Turn   | Place    | Note
-------+----------+-------------------------------------------
     0 | D:1      | SnakkuSnakku7 the Demonspawn Fire Elementalist began the
                  | quest for the Orb.
     0 | D:1      | Reached XP level 1. HP: 13/13 MP: 3/3
   107 | D:1      | Reached skill level 3 in Fire Magic
   122 | D:1      | Gained mutation: You have large cloven feet. [demonic
                  | ancestry]
   122 | D:1      | Reached XP level 2. HP: 19/19 MP: 0/5
   218 | D:1      | Found Niava's Armour Emporium.
   282 | D:1      | Found a faded altar of an unknown god.
   312 | D:1      | Got Plato's Quarto of Phantasms
   445 | D:1      | Gained mutation: A meltable shield of frost defends you.
                  | (SH +4) [demonic ancestry]
   445 | D:1      | Reached XP level 3. HP: 6/24 MP: 3/6
   806 | D:2      | Learned a level 2 spell: Scorch
   887 | D:2      | Found Lifohym's Jewellery Boutique.
   948 | D:2      | Gained mutation: Spells you cast may paralyse adjacent
                  | enemies. [demonic ancestry]
   948 | D:2      | Reached XP level 4. HP: 30/30 MP: 0/7
  1007 | D:$      | Got out of the dungeon alive.

Illustrated notes

Levels and vault maps discovered:
D:1:      heliophobic_arrival_ceremonial_halls, layout_rooms,
          shapermc_ecumenical_altar_rom_forum, serial_shops, shop,
          minmay_heptomino_h4
D:2:      minmay_alternating_diamond, layout_basic, serial_shops, shop,
          minmay_small_reverse_x

Skill      XL: |  1  2 |
---------------+-------+-----
Fire Magic     | 3 |  3.7
Conjurations   | 2 |  2.8
Dodging        | |  1.7
Stealth        | |  1.7
Spellcasting   | |  2.0

Action                     |  1- 3 |  4- 6 || total
---------------------------+-------+-------++-------
  Melee: Staff             |    28 |       ||    28
         Kick              |     6 |       ||     6
   Cast: Foxfire           |    54 |       ||    54
   Stab: Sleeping          |     1 |       ||     1
 Armour: Robe              |    12 |       ||    12
  Dodge: Dodged            |    59 |       ||    59
  Block: Other             |     3 |       ||     3
